 Dungeon Crawl Stone Soup version 0.17-a0-1923-gc35365e (webtiles) character file.

1880 tp1 the Skirmisher (level 9, -1/56 HPs)
             Began as a Gargoyle Berserker on Sept 27, 2015.
             Was a Believer of Trog.
             Slain by a killer bee (5 damage)
             ... on level 8 of the Dungeon on Sept 28, 2015.
             The game lasted 00:35:05 (4167 turns).

tp1 the Skirmisher (Gargoyle Berserker)             Turns: 4167, Time: 00:35:05

Health: -1/56      AC: 13    Str: 25    XL:     9   Next: 14%
Magic:  9/9        EV: 12    Int:  7    God:    Trog [**....]
Gold:   224        SH:  0    Dex:  9    Spells: 0 memorised, 8 levels left

rFire  . . .     SeeInvis .     E - +0 dire flail
rCold  . . .     Clarity  .     z - +0 scale mail
rNeg   + . .     SustAt   .     (no shield)
rPois  ∞         Gourm    .     (no helmet)
rElec  +         Spirit   .     (no cloak)
rCorr  .         Warding  .     (no gloves)
rMut   .         Stasis   .     (no boots)
MR     .....                    (no amulet)
Stlth  ..........               (no ring)
                                (no ring)

@: exhausted, slowed, very slow, not resistant to hostile enchantments,
extremely unstealthy
A: negative energy resistance 1, electricity resistance, unbreathing,
petrification resistance, rot immunity, AC +5
a: Burn Spellbooks, Berserk, Trog's Hand, Renounce Religion


You were on level 8 of the Dungeon.
You worshipped Trog.
Trog was pleased with you.
You were very hungry.

You visited 1 branch of the dungeon, and saw 7 of its levels.

You collected 224 gold pieces.

Inventory:

Hand weapons
 a - a +0 hand axe
 l - a +1 hand axe
 E - a +0 dire flail (weapon)
Armour
 b - a +0 animal skin
 h - a +1 ring mail
 i - a +0 scale mail
 z - a +0 scale mail (worn)
Rods
 w - a -2 rod of the swarm (14/14)
   (You found it on level 6 of the Dungeon)
Jewellery
 j - a +5 ring of evasion {unknown}
 k - an uncursed amulet of clarity {unknown}
 m - an uncursed ring of sustain attributes
 u - an uncursed ring of poison resistance {unknown}
 C - a cursed ring of teleportation {unknown}
Magical devices
 r - a wand of random effects (41)
 A - a wand of cold (6)
Scrolls
 o - 2 scrolls of identify
 p - 2 scrolls of remove curse
 s - a scroll of magic mapping
 t - a scroll of fog
 y - a scroll of fear {unknown}
 B - a scroll of enchant weapon
Potions
 d - a potion of ambrosia
 e - 2 potions of brilliance
 f - a potion of cancellation
 g - a potion of poison {unknown}
 n - a potion of resistance
 q - 2 potions of degeneration
 x - a potion of lignification {unknown}
Comestibles
 c - 3 bread rations
 v - a meat ration
 D - 4 chunks of flesh


   Skills:
 + Level 6.6 Fighting
 + Level 5.7 Axes
 + Level 0.2(3.8) Maces & Flails
 + Level 6.2 Armour
 + Level 5.7 Dodging
 + Level 1.6 Stealth


You had 8 spell levels left.
You didn't know any spells.

Dungeon Overview and Level Annotations

Branches:
Dungeon (8/15)             Temple (0/1) D:7
   Lair: D:8-11

Altars:
Dithmenos
Okawaru

Annotations:
D:5 Prince Ribbit
D:8 Grum


Innate Abilities, Weirdness & Mutations

You are resistant to torment.
Your stone body is resilient (AC +5).
You are immune to poison.
You resist negative energy.
You are resistant to electric shocks.
You can survive without breathing.
You are immune to petrification.
You are immune to rotting.


Message History

You thump the killer bee!
The killer bee is severely wounded.
Your skin stops crawling.
You feel less resistant to hostile enchantments.
The killer bee barely misses you. The killer bee completely misses you.
The killer bee barely misses you.
You miss the killer bee.
The killer bee is severely wounded.
The killer bee misses you. The killer bee barely misses you.
The killer bee barely misses you. Grum hits you from afar with a glaive!
* * * LOW HITPOINT WARNING * * *
Drink which item? (? for menu, Esc to quit)
Okay, then.
The killer bee stings you.
* * * LOW HITPOINT WARNING * * *
The killer bee barely misses you.
The killer bee stings you but does no damage.
The killer bee closely misses you. The killer bee closely misses you.
The killer bee stings you.
You die...

........#...+..##.#
........#...#..##.#
........##+#<..# .#
........##+#...# .#
........#....Y###.###
........#....g.Y....#
....#.........##Y##.#
....##........##y#
....###.......##@#
##........)...##.#
##............##.#
##............##.#
#..?.........##.#
...........##.##.#
...........# .##.#
......###..# +##.#
...... ....


You could see 2 yaks and a killer bee.

Vanquished Creatures
  Grinder (D:3)
  A two-headed ogre (D:8)
  A black bear (D:8)
  An eye of draining (D:6)
  2 ice beasts
  4 giant frogs
  3 scorpions
  2 killer bees (D:8)
  A crimson imp (D:8)
  2 centaur zombies (D:6)
  5 hounds
  A jelly (D:8)
  A giant frog skeleton (D:6)
  3 orc wizards
  An orc priest (D:8)
  Terence (D:3)
  3 worker ants
  A hound zombie (D:6)
  2 shadow imps
  An adder (D:2)
  5 worms
  11 orcs
  2 giant cockroaches (D:1)
  3 hobgoblins
  4 jackals (D:3)
  4 kobolds
  3 quokkas
  7 bats
  2 giant geckos
  4 giant newts
  12 goblins
  A jackal skeleton (D:8)
  A quokka skeleton (D:6)
  3 rats
99 creatures vanquished.

Notes
Turn   | Place    | Note
--------------------------------------------------------------
     0 | D:1      | tp1 the Gargoyle Berserker began the quest for the Orb.
     0 | D:1      | Reached XP level 1. HP: 14/14 MP: 1/1
   231 | D:1      | Reached XP level 2. HP: 19/19 MP: 2/2
   632 | D:2      | Reached XP level 3. HP: 9/24 MP: 3/3
   720 | D:2      | Acquired Trog's second power
   752 | D:2      | Upgraded the game from 0.17-a0-1920-gafa4d75 to 0.17-a0-1923-gc35365e
  1098 | D:3      | Reached skill level 4 in Fighting
  1098 | D:3      | Reached XP level 4. HP: 29/29 MP: 4/4
  1383 | D:3      | Noticed Grinder
  1391 | D:3      | Noticed Terence
  1405 | D:3      | Paralysed by Grinder for 4 turns
  1422 | D:3      | HP: 1/29 [Grinder (7)]
  1462 | D:3      | Killed Terence
  1462 | D:3      | Reached XP level 5. HP: 31/33 MP: 5/5
  1473 | D:3      | Killed Grinder
  1473 | D:3      | Reached XP level 6. HP: 28/40 MP: 6/6
  1496 | D:3      | Found an iron altar of Okawaru.
  1621 | D:3      | Reached skill level 5 in Fighting
  2070 | D:3      | You fall through a shaft for 3 floors!
  2096 | D:5      | Entered Level 5 of the Dungeon
  2096 | D:5      | Noticed Prince Ribbit
  2212 | D:6      | Reached XP level 7. HP: 44/44 MP: 7/7
  2572 | D:6      | Found a shadowy altar of Dithmenos.
  2850 | D:6      | Reached skill level 1 in Stealth
  3162 | D:7      | Reached skill level 5 in Armour
  3251 | D:7      | Reached XP level 8. HP: 51/51 MP: 8/8
  3637 | D:7      | Reached skill level 6 in Fighting
  3637 | D:7      | Reached skill level 5 in Axes
  3669 | D:7      | Found a staircase to the Ecumenical Temple.
  3878 | D:8      | Reached skill level 5 in Dodging
  3945 | D:8      | Noticed a two-headed ogre
  3952 | D:8      | Killed a two-headed ogre
  3952 | D:8      | Reached XP level 9. HP: 56/56 MP: 9/9
  4145 | D:8      | Noticed Grum
  4167 | D:8      | Slain by a killer bee

Vault maps used:
D:1:      nagdon_arrival_zigzag_paths
D:2:      lemuel_upstairs_altar
D:3:      overflow_temple_1_default, grunt_ministairs_3, uniq_terence,
          uniq_grinder
D:5:      first_bread, serial_shops, nicolae_shop_window_shopping,
          kennysheep_windowed_goal, uniq_prince_ribbit1
D:6:      basic_altar, minmay_door_square
D:7:      minmay_temple_entry_nine_rooms
D:8:      uniq_grum

Action                   |  1- 3 |  4- 6 |  7- 9 || total
-------------------------+-------+-------+-------++-------
Melee: Hand axe          |   109 |   139 |   209 ||   457
       Dire flail        |       |       |    44 ||    44
Invok: Berserk           |     3 |     4 |     9 ||    16
       Trog's Hand       |     2 |     4 |     9 ||    15
  Use: Potion            |       |     2 |     4 ||     6
       Scroll            |       |     1 |    11 ||    12
  Eat: Chunk             |     3 |     7 |     9 ||    19
       Bread ration      |       |     1 |     1 ||     2
